Map: Pillars of Gold LE

Players

Armani - Winner!

  • Race: Zerg Zerg
  • League: Diamond
  • Spawn Location: 7:00

LiquidClem (Clem)

  • Race: Terran Terran
  • Spawn Location: 1:00

Event: Cheeseadelphia Winter Championship 2021

VOD

Have the link to the VOD?

Description

Time

  • Played on: Jan. 24, 2021, 11:02 a.m.
  • Length: 13:31

All games in this series

Show
View Real Time Build Order
Export as new Build Order

Armani Zerg - Winner!

Build Orders: Hatch First, Muta Ling Bane 

Get SALT Encoding   

  12  0:01  Drone  
  13  0:14  Overlord  
  13  0:18  Drone  
  14  0:33  Drone x2  
  16  0:51  Hatchery  
  16  0:55  Drone  
  16  0:58  Drone  
  16  1:02  Drone  
  18  1:11  Extractor  
  18  1:17  Spawning Pool  
  16  1:19  Drone  
  16  1:22  Drone  
  18  1:33  Drone  
  19  1:42  Drone  
  20  1:53  Drone  
  21  2:04  Queen x2  
  21  2:05  Zergling x4  
  27  2:20  Hatchery  
  26  2:25  Overlord  
  26  2:31  Metabolic Boost  
  26  2:33  Drone  
  26  2:36  Drone  
  27  2:45  Drone x3  
  30  2:53  Queen  
  32  2:58  Overlord  
  32  3:00  Drone  
  32  3:04  Drone  
  32  3:05  Drone  
  35  3:17  Drone x3  
  35  3:18  Drone x2  
  40  3:20  Drone  
  40  3:25  Overlord  
  41  3:28  Drone  
  41  3:31  Queen  
  45  3:34  Drone  
  45  3:39  Queen  
  47  3:43  Overlord  
  47  3:44  Drone  
  47  3:46  Drone  
  47  3:47  Drone  
  50  3:52  Zergling x6  
  53  3:56  Drone x2  
  53  4:01  Overlord  
  53  4:02  Drone x2  
  57  4:03  Drone  
  57  4:08  Queen  
  60  4:14  Lair  
  60  4:16  Drone  
  60  4:17  Extractor  
  60  4:18  Drone x2  
  60  4:22  Baneling Nest  
  61  4:25  Drone x3  
  61  4:28  Drone  
  65  4:33  Spore Crawler  
  65  4:34  Spore Crawler x2  
  64  4:40  Drone  
  64  4:44  Overlord, Queen  
  65  4:49  Extractor  
  65  4:50  Extractor  
  63  4:53  Zergling x4  
  65  5:00  Overlord  
  65  5:04  Zergling x6  
  65  5:05  Drone x5  
  73  5:09  Overlord  
  73  5:13  Overseer  
  73  5:17  Spire  
  73  5:20  Drone x7  
  79  5:23  Drone  
  79  5:24  Extractor  
  79  5:25  Extractor  
  79  5:27  Drone  
  79  5:35  Drone x6  
  82  5:37  Overlord  
  82  5:39  Drone  
  82  5:42  Overlord  
  86  5:47  Centrifical Hooks  
  86  5:49  Drone  
  85  5:50  Drone  
  85  5:53  Drone  
  87  6:07  Hatchery, Drone x3  
  87  6:08  Overlord  
  89  6:15  Zergling x6  
  89  6:16  Overlord  
  92  6:25  Overlord  
  92  6:30  Mutalisk x8  
  108  6:37  Zerg Flyer Weapons Level 1  
  108  6:40  Zergling x12  
  114  6:48  Drone x2  
  114  6:51  Evolution Chamber  
  114  6:53  Evolution Chamber, Baneling x9  
  114  6:54  Baneling x3  
  113  6:55  Zergling x4  
  113  6:57  Zergling x4  
  113  6:58  Zergling x2  
  118  7:08  Mutalisk x2  
  118  7:11  Zergling x14  
  127  7:21  Baneling x10  
  127  7:22  Zergling x8  
  122  7:23  Overseer  
  122  7:31  Overlord  
  122  7:38  Zerg Ground Armor Level 1  
  110  7:46  Zerg Melee Weapons Level 1  
  110  7:48  Mutalisk  
  112  7:57  Zergling x26  
  124  8:01  Baneling x6  
  124  8:05  Overlord  
  124  8:10  Mutalisk x2  
  124  8:12  Drone x3  
  131  8:13  Drone x5  
  131  8:14  Drone x2  
  138  8:22  Mutalisk  
  138  8:24  Drone x2  
  138  8:25  Drone  
  143  8:27  Extractor  
  143  8:31  Zergling x6  
  143  8:32  Zergling x2  
  146  8:34  Hatchery  
  146  8:35  Zergling x12  
  146  8:40  Overlord x3  
  151  8:43  Overlord  
  151  8:47  Zerg Flyer Weapons Level 2  
  151  8:49  Baneling x2  
  151  9:00  Zergling x24  
  163  9:07  Baneling x11  
  163  9:11  Mutalisk x5  
  163  9:14  Overlord  
  171  9:22  Zergling x14  
  175  9:34  Zerg Ground Armor Level 2  
  175  9:35  Zergling x22  
  186  9:42  Zerg Melee Weapons Level 2  
  182  9:50  Pneumatized Carapace  
  182  9:51  Overseer  
  181  9:54  Zergling x20  
  181  9:58  Baneling x15  
  188  10:12  Zergling x26  
  188  10:20  Hatchery  
  186  10:21  Zergling x10  
  190  10:31  Overseer  
  183  10:38  Drone x2  
  183  10:39  Drone x2  
  183  10:41  Mutalisk x6, Infestation Pit  
  183  10:42  Extractor  
  193  10:44  Baneling  
  193  10:45  Baneling x5  
  193  10:51  Zergling x10  
  193  10:52  Overlord x2  
  193  10:55  Overlord  
  193  10:56  Baneling  
  198  11:04  Overlord x2  
  177  11:07  Overlord  
  176  11:14  Baneling x2  
  176  11:15  Baneling x19  
  170  11:25  Zergling x28  
  172  11:36  Zergling x14  
  170  11:49  Baneling x18  
  168  12:00  Zergling x18  
  144  12:19  Zergling x12  
  144  12:20  Hatchery  
  144  12:22  Baneling x12  
  149  12:24  Zergling x6  
  152  12:35  Zergling x8  
  156  12:45  Baneling x19  
  156  12:47  Zergling x8  
  158  12:55  Zergling x2  
  158  12:56  Zergling x10  
  164  13:04  Mutalisk  
  164  13:07  Overseer  
  157  13:12  Zergling x2  
  157  13:13  Zergling x6  
  159  13:28  Hatchery  
Show
View Real Time Build Order
Export as new Build Order

LiquidClem Terran 

Build Orders: Reaper Expand, Hellion Banshee 

Get SALT Encoding   

  12  0:00  SCV  
  13  0:12  SCV  
  14  0:17  Supply Depot  
  14  0:24  SCV  
  15  0:39  SCV  
  15  0:41  Barracks  
  16  0:44  Refinery  
  16  0:51  SCV  
  17  1:03  SCV  
  18  1:15  SCV  
  19  1:28  Orbital Command, Reaper  
  20  1:43  Command Center  
  20  1:50  Supply Depot  
  20  1:54  SCV  
  21  2:00  Marine  
  22  2:06  SCV  
  23  2:15  Factory  
  23  2:17  Refinery  
  23  2:19  SCV  
  24  2:22  Barracks Reactor  
  24  2:31  SCV  
  25  2:43  SCV  
  26  2:54  Orbital Command  
  26  2:56  SCV  
  27  3:01  Starport  
  31  3:05  Hellion x2  
  31  3:08  SCV  
  31  3:10  Barracks Tech Lab  
  32  3:16  Supply Depot  
  32  3:20  SCV x2  
  34  3:28  Hellion x2  
  34  3:32  SCV  
  39  3:34  SCV  
  39  3:40  Supply Depot  
  40  3:45  Banshee  
  40  3:47  Cloaking Field  
  40  3:48  SCV x2  
  45  3:51  Hellion  
  45  3:55  Hellion  
  48  4:00  SCV x2  
  50  4:03  Supply Depot  
  50  4:11  Barracks Tech Lab  
  50  4:12  SCV x2  
  53  4:24  SCV  
  53  4:25  SCV  
  53  4:26  Command Center  
  53  4:28  Factory Reactor  
  53  4:30  Banshee  
  57  4:33  Stimpack  
  57  4:36  SCV  
  58  4:41  Barracks, SCV  
  59  4:45  Barracks  
  59  4:47  Marine  
  59  4:51  SCV  
  61  4:53  SCV  
  61  4:59  Engineering Bay  
  62  5:00  Engineering Bay  
  62  5:02  Supply Depot  
  62  5:05  SCV x2, Marine  
  65  5:17  SCV x2  
  65  5:20  Supply Depot  
  67  5:21  Starport Reactor  
  67  5:22  Refinery  
  67  5:23  Refinery, Marine  
  67  5:24  Siege Tank  
  71  5:29  SCV, Marine  
  71  5:30  Marine  
  71  5:34  SCV  
  75  5:38  Supply Depot  
  75  5:39  Orbital Command  
  75  5:40  Marine  
  75  5:42  Marine x2  
  78  5:43  SCV  
  78  5:47  Marine  
  78  5:48  SCV  
  77  5:51  Marine  
  77  5:53  Terran Infantry Armor Level 1, Terran Infantry Weapons Level 1  
  78  5:58  Marine  
  78  5:59  SCV  
  78  6:02  Medivac, Orbital Command  
  82  6:04  Siege Tank  
  82  6:08  Medivac  
  82  6:09  SCV  
  82  6:10  Marine  
  82  6:11  Marine  
  89  6:14  Marine x2  
  89  6:16  SCV  
  93  6:21  Supply Depot  
  93  6:23  Supply Depot  
  93  6:25  Marine  
  94  6:26  Combat Shield  
  94  6:28  SCV  
  94  6:29  SCV  
  97  6:32  SCV  
  97  6:33  Marine x2  
  97  6:34  Marine  
  97  6:39  Marine  
  100  6:40  SCV  
  100  6:43  SCV, Marine  
  100  6:46  SCV  
  105  6:50  Supply Depot  
  105  6:51  Siege Tank, Marine  
  105  6:52  Medivac  
  105  6:53  Medivac  
  113  6:54  Marine  
  113  6:55  SCV  
  113  6:57  Marine  
  113  6:58  Marine  
  113  7:01  Marine  
  118  7:05  Barracks  
  118  7:07  Barracks  
  118  7:09  SCV x3  
  118  7:12  Marine  
  118  7:13  Supply Depot  
  121  7:18  Marine  
  121  7:20  Missile Turret  
  121  7:21  Marine  
  121  7:22  Missile Turret x2  
  120  7:24  Siege Tank  
  120  7:25  Marine  
  120  7:26  Medivac x2  
  128  7:30  Supply Depot  
  128  7:35  Marine  
  128  7:37  Supply Depot  
  129  7:40  Marine  
  118  7:45  Marine x3  
  118  7:50  Armory  
  118  7:53  Marine  
  118  7:54  Barracks x3  
  118  7:58  Marine  
  115  7:59  Barracks Reactor x2  
  115  8:00  Siege Tank  
  115  8:01  Medivac  
  118  8:07  Marine x3  
  118  8:11  Marine  
  122  8:13  Medivac  
  122  8:16  Missile Turret, Marine  
  125  8:21  SCV x3  
  125  8:24  Refinery  
  125  8:25  Marine x2  
  130  8:32  Marine x2  
  130  8:33  Siege Tank  
  130  8:34  Marine  
  136  8:35  Marine  
  136  8:36  Supply Depot, Marine x3  
  136  8:39  Terran Infantry Weapons Level 2  
  140  8:43  Marine x2  
  140  8:45  Barracks Reactor, Barracks Tech Lab  
  142  8:49  Barracks Reactor, Supply Depot  
  142  8:50  Marine x2  
  142  8:51  Marine  
  142  8:53  Marine  
  146  8:58  Marine x2  
  148  9:03  Marine x4  
  148  9:07  Supply Depot  
  148  9:08  Marauder  
  148  9:09  Terran Infantry Armor Level 2  
  154  9:11  Command Center  
  154  9:15  Siege Tank  
  154  9:16  Marine x4  
  161  9:22  Supply Depot  
  161  9:23  Marine x6  
  167  9:27  Marine x3  
  167  9:29  Medivac  
  167  9:30  Medivac  
  163  9:34  Marauder  
  163  9:37  Marine x4  
  169  9:41  Supply Depot, Marine  
  169  9:43  Supply Depot  
  170  9:47  Marine  
  170  9:48  Marine  
  170  9:51  Marauder, Marine x3  
  171  9:54  Missile Turret  
  171  9:55  Marine  
  172  10:05  Marine x4  
  162  10:08  Marine  
  162  10:10  Marine x4  
  162  10:14  Siege Tank, Marine x4  
  167  10:26  Medivac, Marauder, Marine x4  
  175  10:35  SCV  
  171  10:36  SCV  
  171  10:37  Missile Turret  
  171  10:38  SCV  
  171  10:39  Marine x2  
  174  10:45  Marine x2  
  174  10:47  Marine x2  
  174  10:49  Marine  
  179  10:51  Marine  
  179  10:56  Missile Turret x2  
  180  10:57  Marine  
  180  11:03  Marine  
  170  11:04  Marine x8  
  170  11:08  Planetary Fortress  
  176  11:13  SCV x2  
  176  11:15  SCV  
  171  11:19  Marine  
  171  11:20  Marine x3  
  171  11:21  Marine  
  171  11:22  Marine  
  171  11:24  Marine  
  171  11:25  SCV  
  159  11:26  Marine  
  159  11:27  Marine  
  159  11:32  Widow Mine, Marine  
  156  11:36  Marine  
  146  11:41  Marine x2  
  146  11:42  Marine x4  
  144  11:50  SCV x2  
  144  11:53  SCV  
  146  12:01  Marine x5  
  94  12:09  Marine x6  
  94  12:12  SCV x2  
  97  12:20  Marine x2  
  99  12:26  Marine x3  
  99  12:27  Marine  
  101  12:31  Medivac  
  101  12:32  Marine  
  101  12:33  Marine  
  103  12:39  Marine x3  
  103  12:42  Medivac  
  108  12:51  Marine x2  
  106  12:55  Marine  
  102  12:58  Marine  
  102  13:00  Marine  
  102  13:01  Medivac  
  102  13:03  Marine  
  107  13:09  Marine x2  
Tags
 
Add a new tag
Caveats
  • Supply blocks, unpowered buildings, or Contaminate may cause inaccurate times.
  • Supply counts are checked every 10 seconds.